 Dungeon Crawl Stone Soup version 0.27-a0-650-g8dd3ea4f36 (webtiles) character file.

Game seed: 14979584911959429540

394 MalarOregon the Caller (level 7, -9/45 HPs)
             Began as a Halfling Summoner on Mar 16, 2021.
             Killed by divine providence
             ... invoked by an orc priest
              (16 damage)
             ... on level 4 of the Dungeon.
             The game lasted 00:08:12 (5525 turns).

MalarOregon the Caller (Halfling Summoner)          Turns: 5525, Time: 00:08:13

Health: -9/45      AC:  2    Str:  9    XL:     7   Next: 8%
Magic:  11/11      EV: 16    Int: 15    God:
Gold:   143        SH:  0    Dex: 15    Spells: 5/11 levels left

rFire    . . .     SeeInvis .   g - +2 whip (venom)
rCold    . . .     Faith    .   (shield restricted)
rNeg     . . .     Spirit   .   a - +0 robe
rPois    .         Reflect  .   (no helmet)
rElec    .         Harm     .   (no cloak)
rCorr    .         Rampage  .   (no gloves)
Will     .....                  (no boots)
Stlth    +++.......             (no amulet)
HPRegen  0.15/turn              (no ring)
MPRegen  0.12/turn              (no ring)

@: no status effects
A: small, no large weapons, mutation resistance 1
a: no special abilities


You were on level 4 of the Dungeon.
You visited 1 branch of the dungeon, and saw 4 of its levels.
You also visited: Sewer.

You collected 143 gold pieces.

Inventory:

Hand Weapons
 b - a +0 dagger
   (You found it on level 1 of the Dungeon)
 g - a +2 whip of venom (weapon)
   (You found it on level 1 of the Dungeon)
Armour
 a - a +0 robe (worn)
 k - a +0 cloak
   (You found it on level 2 of the Dungeon)
Scrolls
 d - 3 scrolls of immolation {unknown}
 e - 8 scrolls of identify {unknown}
 h - 3 scrolls of teleportation {unknown}
 l - a scroll of enchant armour {unknown}
 m - a scroll of amnesia {unknown}
 n - 2 scrolls of fear {unknown}
 o - a scroll of blinking {unknown}
 s - 2 scrolls of magic mapping {unknown}
Potions
 c - a potion of heal wounds {unknown}
 f - a potion of degeneration {unknown}
 i - 2 potions of might {unknown}
 j - 2 potions of magic {unknown}
 p - 2 potions of brilliance {unknown}
 q - a potion of haste {unknown}
 r - 2 potions of curing {unknown}
 t - a potion of lignification {unknown}


   Skills:
 + Level 2.5 Fighting
 + Level 3.9 Dodging
 - Level 4.0 Stealth
 + Level 2.7 Spellcasting
 + Level 4.1 Summonings


You had 5 spell levels left.
You knew the following spells:

 Your Spells              Type           Power      Damage    Failure   Level
a - Summon Small Mammal   Summ           56%        N/A       3%          1
c - Call Canine Familiar  Summ           14%        N/A       11%         3
x - Call Imp              Summ           14%        N/A       5%          2

Your spell library contained the following spells:

 Spells                   Type           Power      Damage    Failure   Level
 Magic Dart               Conj           8%         1d3       21%         1
 Summon Guardian Golem    Hex/Summ       8%         N/A       26%         3
 Blink                    Tloc           N/A        N/A       30%         2
 Slow                     Hex            2%         N/A       30%         2
 Conjure Flame            Conj/Fire      2%         6-21      52%         3
 Mephitic Cloud           Conj/Pois/Air  2%         N/A       52%         3
 Summon Ice Beast         Ice/Summ       8%         N/A       65%         4
 Summon Lightning Spire   Summ/Air       8%         N/A       65%         4


Dungeon Overview and Level Annotations

Branches:
Dungeon (4/15)              Sewer (visited)
 Temple: D:4-7

Altars:
Elyvilon
Gozag
Zin

Shops:
D:4 =

Annotations:
D:3 1 runed translucent door, hackum's ghost, amateur OgFi
D:4 exclusion: howler monkey, Ijyb


Innate Abilities, Weirdness & Mutations

You are small and have problems with some larger weapons.
You are somewhat resistant to further mutation.


Message History

Found a runed hunting sling.
Found 13 gold pieces.
Found 7 gold pieces.
Found Xuek's Jewellery Shoppe.
You now have 136 gold pieces (gained 13).
You now have 143 gold pieces (gained 7).
You see here a +1 hunting sling of flaming.
A howler monkey comes into view.
There is an entrance to Xuek's Jewellery Shoppe here.
You see here a +1 hunting sling of flaming.
A worker ant comes into view.
You hit the worker ant.
The worker ant is poisoned.
The worker ant bites you.
You closely miss the worker ant. The worker ant closely misses you.
The worker ant completely misses you.
You hit the worker ant.
You kill the worker ant!
You have reached level 7!
You see here a worker ant corpse.
An orc priest comes into view. It is wielding a +0 trident.
An orc priest is nearby!
An orc priest is nearby!
An orc and an orc priest come into view.
The orc priest is wielding a +0 club and wearing a +1 leather armour of cold resistance.
An orc comes into view.
An orc comes into view. It is wielding a +0 mace.
Found a stone staircase leading up.
The helpless orc priest fails to defend itself.
You hit the orc priest.
The orc priest is poisoned.
The orc priest misses you.
The orc shouts!
The orc priest shouts!
You closely miss the orc priest.
The orc shouts!
The orc priest miscasts a cantrip.
The orc hits you with a +0 flail! The orc priest barely misses you.
The orc misses you.
You hit the orc priest.
The orc priest is poisoned.
The orc priest hits you with a +0 trident!
The orc hits you with a +0 flail.
* * * LOW HITPOINT WARNING * * *
The orc priest barely misses you. The orc hits you with a +0 mace.
* * * LOW HITPOINT WARNING * * *
The orc hits you.
* * * LOW HITPOINT WARNING * * *
The orc priest hits you from afar with a +0 trident.
* * * LOW HITPOINT WARNING * * *
Okay, then.
The orc priest looks braver for a moment.
You kill the orc priest!
The orc priest calls down the wrath of Beogh upon you.
Beogh smites you!
You die...

...†..# #####.#
#####.# ...##.#
##.##[# ......#
......# #########
##.##.###........#
##........# #@#
....#.##### #.#
....#.#### ##o##
.........# #oo.#
.##......#
###o..###
.....>...#
##...)...#
.##......#
#........#
.........#
#........#
...#######
#......###


You could see an orc priest (poisoned) and 3 orcs.

Vanquished Creatures
  A scorpion (D:2)
  An orc priest (D:4)
  Jessica (D:2)
  4 worker ants
  3 gnolls (D:2)
  3 adders
  A river rat (D:3)
  An ooze (D:4)
  An adder skeleton (D:4)
  3 worms
  A dart slug (D:1)
  7 orcs (D:3)
  5 ball pythons
  7 bats
  5 giant cockroaches
  10 goblins
  3 hobgoblins
  9 jackals
  3 quokkas
  13 frilled lizards
  4 kobolds
  14 rats
100 creatures vanquished.

Vanquished Creatures (collateral kills)
  A gnoll (D:2)
  A worm (D:3)
  2 bats (D:1)
  2 hobgoblins (D:1)
  3 kobolds (D:1)
9 creatures vanquished.

Vanquished Creatures (others)
  A kobold (D:2)
1 creature vanquished.

Grand Total: 110 creatures vanquished

Notes
Turn   | Place    | Note
-------+----------+-------------------------------------------
     0 | D:1      | MalarOregon the Halfling Summoner began the quest for the
                  | Orb.
     0 | D:1      | Reached XP level 1. HP: 11/11 MP: 3/3
   604 | D:1      | Reached XP level 2. HP: 4/17 MP: 0/4
   851 | D:1      | Learned a level 2 spell: Call Imp
  1325 | D:1      | Reached XP level 3. HP: 22/22 MP: 5/5
  1777 | D:2      | Noticed Jessica
  1781 | D:2      | Killed Jessica
  1782 | D:2      | Reached skill level 1 in Fighting
  1782 | D:2      | Reached XP level 4. HP: 22/28 MP: 5/7
  1862 | D:2      | Learned a level 3 spell: Call Canine Familiar
  1977 | D:2      | Reached XP level 5. HP: 22/33 MP: 8/8
  2553 | D:2      | Found a white marble altar of Elyvilon.
  2918 | D:2      | Found a glowing silver altar of Zin.
  2918 | D:2      | Found an opulent altar of Gozag.
  3123 | D:3      | Reached XP level 6. HP: 39/39 MP: 9/9
  3425 | D:3      | Found a runed translucent door.
  3429 | D:3      | Noticed hackum's ghost (amateur OgFi)
  3482 | D:3      | Found a glowing drain.
  3615 | Sewer    | Entered a sewer
  4936 | D:4      | Noticed Ijyb
  5425 | D:4      | Found Xuek's Jewellery Shoppe.
  5468 | D:4      | Reached XP level 7. HP: 39/45 MP: 9/11
  5525 | D:4      | Killed from afar by an orc priest

Illustrated notes

Levels and vault maps discovered:
D:1:      lightli_arrival_windingriver, layout_loops_ring
D:2:      layout_loops_ring, grunt_temple_overflow_gold_and_silver,
          elyvilon_altar_4, uniq_jessica
D:3:      layout_loops_ring, ebering_ghost_sewer_d, portal_sewer_entry_a
D:4:      layout_loops_cross, serial_shops, shop, shop, uniq_ijyb

Skill      XL: |  1  2  3  4  5  6 |
---------------+-------------------+-----
Fighting       | 1 2 |  2.5
Stealth        | 3 4 |  4.0
Spellcasting   | 2 |  2.7
Dodging        | 3 |  3.9
Summonings     | 4 |  4.1

Action                   |  1- 3 |  4- 6 |  7- 9 || total
-------------------------+-------+-------+-------++-------
Melee: Dagger            |    50 |       |       ||    50
       Whip              |    37 |   215 |     3 ||   255
 Cast: Summon Small Mamm |    19 |     3 |       ||    22
       Call Imp          |       |     5 |       ||     5
 Stab: Distracted        |     1 |       |       ||     1
       Sleeping          |     4 |    15 |     1 ||    20
Armor: Robe              |    12 |    15 |       ||    27
Dodge: Dodged            |    77 |   189 |     4 ||   270

Table legend: (Time is in decaauts)
 A = Elapsed time spent in this place.
 B = Non-inter-level travel time spent in this place.
 C = Inter-level travel time spent in this place.
 D = Time resting spent in this place.
 E = Time spent auto-exploring this place.
 F = Levels seen in this place.
 G = Mean time per level.
                   A        B        C        D        E       F      G
               +--------+--------+--------+--------+--------+-----+--------+
         Total |   5586 |   5298 |    288 |   1697 |   2701 |   5 | 1117.2 |
       Dungeon |   5006 |   4718 |    288 |   1416 |   2505 |   4 | 1251.5 |
         Sewer |    579 |    579 |      0 |    281 |    195 |   1 |  579.0 |
               +--------+--------+--------+--------+--------+-----+--------+

Top non-repeatable levels by time:
     D:1: 1723 daAuts
     D:2: 1398 daAuts
     D:3: 1265 daAuts
     D:4: 619 daAuts
   Sewer: 579 daAuts
